Map: Discordance EC

Players

Yuka

  • Race: Zerg Zerg
  • League: Diamond
  • Spawn Location: 1:00

Sorandom - Winner!

  • Race: Zerg Zerg
  • League: Diamond
  • Spawn Location: 7:00

VOD

Have the link to the VOD?

Description

Time

  • Played on: April 9, 2019, 11:56 a.m.
  • Length: 13:16
Show
View Real Time Build Order
Export as new Build Order

Yuka Zerg 

Build Orders: Pool First 

Get SALT Encoding   

  12  0:01  Drone  
  13  0:07  Extractor  
  12  0:25  Spawning Pool  
  11  0:29  Drone  
  11  0:35  Drone  
  13  0:42  Drone  
  14  0:53  Overlord  
  14  1:11  Metabolic Boost  
  14  1:13  Zergling x4  
  14  1:16  Zergling x2  
  17  1:24  Zergling x2  
  18  1:35  Zergling x2, Queen  
  21  1:45  Zergling x2  
  22  1:56  Overlord  
  21  2:15  Zergling x2  
  22  2:20  Hatchery  
  21  2:27  Zergling x2  
  22  2:42  Zergling x4  
  20  3:02  Zergling x4  
  20  3:03  Zergling x2  
  22  3:17  Drone x2  
  24  3:33  Roach Warren  
  24  3:34  Drone x4  
  25  3:40  Queen  
  29  3:46  Queen  
  31  3:50  Overlord  
  31  3:58  Drone  
  31  3:59  Drone  
  33  4:03  Extractor  
  33  4:06  Zergling x2  
  33  4:07  Zergling x2  
  34  4:10  Zergling x2  
  34  4:14  Drone  
  36  4:32  Lair, Drone x2  
  36  4:35  Drone  
  39  4:44  Overlord  
  39  5:02  Drone x5  
  39  5:03  Drone  
  45  5:12  Spine Crawler  
  44  5:27  Overlord x2  
  44  5:29  Glial Reconstitution  
  44  5:33  Overlord  
  44  5:36  Overlord  
  44  5:44  Overlord  
  44  5:53  Roach x3  
  44  5:55  Roach  
  52  5:59  Roach  
  54  6:05  Roach  
  54  6:06  Roach  
  54  6:10  Roach  
  60  6:14  Roach  
  62  6:22  Roach  
  62  6:23  Roach  
  62  6:24  Roach  
  68  6:35  Roach x3  
  74  6:41  Ravager x2  
  74  6:42  Ravager x2  
  78  6:48  Ravager  
  79  7:04  Roach x2  
  79  7:05  Roach  
  79  7:07  Roach  
  87  7:15  Roach  
  65  7:48  Drone x4  
  65  7:49  Drone x4  
  62  8:04  Zergling x4  
  62  8:05  Zergling x2  
  59  8:15  Roach x2  
  63  8:21  Hatchery  
  63  8:23  Evolution Chamber, Drone x2  
  63  8:24  Evolution Chamber  
  62  8:27  Spire  
  62  8:29  Extractor  
  62  8:31  Extractor  
  59  8:58  Hatchery  
  57  9:11  Drone x5  
  57  9:12  Overlord x2, Drone  
  63  9:42  Mutalisk x5  
  63  9:43  Mutalisk  
  75  9:53  Zerg Ground Armor Level 1  
  75  9:56  Drone x5  
  75  9:57  Drone x2  
  82  10:01  Zergling x2  
  83  10:08  Zerg Melee Weapons Level 1  
  83  10:12  Zerg Flyer Weapons Level 1  
  83  10:14  Mutalisk  
  83  10:18  Drone x2  
  83  10:19  Drone x5  
  92  10:21  Zergling x6  
  92  10:22  Zergling x2  
  96  10:40  Overlord  
  96  10:41  Overlord x5  
  96  11:01  Mutalisk x4  
  96  11:02  Mutalisk  
  106  11:04  Zergling x2  
  106  11:05  Zergling x12  
  113  11:17  Zergling x6  
  113  11:18  Zergling x10  
  108  11:36  Zergling x2  
  108  11:37  Zergling x10  
  90  11:51  Hatchery  
  84  11:54  Mutalisk x2  
  84  11:55  Mutalisk x4  
  91  12:28  Zergling x10  
  91  12:29  Zergling x12  
  103  12:30  Zergling x2  
  103  12:57  Hatchery  
Show
View Real Time Build Order
Export as new Build Order

Sorandom Zerg - Winner!

Build Orders: Pool First 

Get SALT Encoding   

  12  0:02  Drone  
  13  0:12  Overlord  
  13  0:17  Drone  
  14  0:32  Drone x2  
  14  0:35  Drone  
  17  0:45  Spawning Pool  
  17  0:49  Drone  
  17  0:53  Extractor  
  16  1:14  Hatchery  
  16  1:18  Drone  
  16  1:19  Drone  
  17  1:32  Zergling x4  
  19  1:37  Queen  
  21  1:44  Overlord  
  21  1:52  Drone  
  22  2:01  Roach Warren  
  21  2:10  Zergling x2  
  22  2:16  Zergling x2  
  23  2:25  Zergling x2  
  23  2:27  Zergling x2  
  25  2:32  Spine Crawler  
  24  2:40  Zergling x4  
  23  2:53  Zergling x4  
  23  3:12  Hatchery, Drone  
  23  3:22  Queen  
  25  3:29  Roach  
  27  3:35  Roach  
  27  3:41  Overlord  
  29  3:48  Overlord  
  30  3:55  Drone  
  30  3:59  Extractor  
  29  4:03  Queen  
  29  4:07  Drone  
  32  4:13  Drone  
  33  4:28  Queen  
  33  4:30  Drone x2  
  37  4:34  Drone x2  
  39  4:49  Drone x5  
  44  4:58  Drone  
  45  5:05  Drone  
  46  5:08  Drone  
  46  5:11  Drone  
  48  5:18  Overlord x2  
  48  5:19  Drone x2  
  50  5:33  Lair  
  50  5:36  Extractor x2  
  50  5:41  Hatchery  
  47  5:43  Evolution Chamber, Drone x3  
  47  5:46  Evolution Chamber  
  48  5:51  Drone x2  
  48  5:52  Drone x2  
  52  6:00  Drone x4  
  56  6:08  Drone x4  
  60  6:22  Roach  
  60  6:23  Roach x2  
  66  6:29  Overlord x3  
  66  6:36  Drone  
  66  6:38  Overlord x2  
  67  6:43  Overseer  
  67  6:50  Roach  
  67  6:51  Hydralisk Den, Roach x3  
  74  6:58  Zerg Ground Armor Level 1  
  74  7:03  Roach x2  
  74  7:04  Roach  
  80  7:10  Roach x2  
  83  7:27  Roach x4  
  83  7:28  Roach x3  
  75  7:38  Roach x4  
  75  7:43  Roach x2  
  79  7:47  Roach  
  79  7:51  Roach x2  
  83  7:56  Roach x2  
  85  8:01  Ravager  
  85  8:03  Roach  
  85  8:04  Roach  
  85  8:05  Roach  
  88  8:10  Roach  
  86  8:13  Queen  
  86  8:18  Ravager  
  89  8:21  Ravager  
  89  8:22  Drone  
  89  8:23  Drone x3  
  94  8:29  Roach x2  
  98  8:36  Drone x2  
  100  8:48  Queen  
  100  8:50  Extractor  
  100  8:51  Zerg Missile Weapons Level 1  
  100  8:52  Roach x2  
  100  8:53  Ravager  
  105  9:05  Drone  
  105  9:06  Overlord x5  
  106  9:17  Spine Crawler, Overlord, Drone  
  105  9:18  Overlord  
  106  9:31  Roach x2  
  106  9:32  Roach x4  
  106  9:36  Roach  
  106  9:37  Roach  
  122  9:43  Roach x2  
  126  9:52  Roach x4  
  134  9:59  Roach x2  
  138  10:03  Roach x2  
  138  10:04  Drone  
  143  10:07  Overseer  
  143  10:11  Lair  
  143  10:19  Drone x5  
  148  10:22  Drone  
  148  10:23  Roach  
  148  10:27  Zerg Ground Armor Level 2  
  151  10:40  Roach  
  151  10:41  Roach x4  
  161  10:54  Overlord x2  
  161  11:05  Overlord x4  
  161  11:15  Hydralisk x7  
  175  11:29  Hydralisk  
  175  11:30  Hydralisk x4  
  159  11:42  Hydralisk x3  
  159  11:52  Hydralisk x3  
  157  11:57  Hydralisk  
  154  12:07  Spore Crawler  
  151  12:08  Spore Crawler  
  151  12:10  Hydralisk x4  
  158  12:20  Hydralisk  
  158  12:21  Hydralisk x3  
  164  12:33  Hydralisk x3  
  170  12:45  Hydralisk x3  
Tags
 
Matchup
ZvZ
Race
Zerg
Replay Pack
Pack 2
Spawn Locations
Cross Positions
Add a new tag
Caveats
  • Supply blocks, unpowered buildings, or Contaminate may cause inaccurate times.
  • Supply counts are checked every 10 seconds.